 Dungeon Crawl Stone Soup version 0.32-a0-791-gfc315c9ecd (webtiles) character file.

Game seed: 18366368822866560571

247 yleetSyT the Covert (level 6, -2/34 HPs)
             Began as a Kobold Artificer on Mar 20, 2024.
             Was an Initiate of Wu Jian.
             Slain by Duvessa the steam dragon (6 damage)
             ... on level 4 of the Dungeon.
             The game lasted 00:07:49 (3040 turns).

yleetSyT the Covert (Kobold Artificer)              Turns: 3040, Time: 00:07:50

Health: -2/34      AC:  7    Str:  9    XL:     6   Next: 34%
Magic:  6/6        EV: 14    Int: 12    God:    Wu Jian [......]
Gold:   50         SH:  0    Dex: 24    Spells: 5/5 levels left

rFire   . . .        a - +2 dagger (venom)
rCold   + . .        (no shield)
rNeg    . . .        l - +3 leather armour
rPois   .            (no helmet)
rElec   .            f - scarf of Vermicelli {repulsion, rC+}
rCorr   .            (no gloves)
SInv    .            y - +0 pair of boots
Will    .....        (no amulet)
Stlth   +++++        r - ring of flight
HPRegen 0.25/turn    u - +6 ring of dexterity
MPRegen 0.10/turn

%: repel missiles
@: flying
A: small, no large weapons, nightstalker 3
a: Renounce Religion


You were on level 4 of the Dungeon.
You worshipped Wu Jian.
Wu Jian was noncommittal.
You visited 2 branches of the dungeon, and saw 5 of its levels.

You collected 237 gold pieces.
You spent 187 gold pieces at shops.

Inventory:

Hand Weapons
 a - a +2 dagger of venom (weapon)
 h - a +0 dagger
 q - a +0 sling
Missiles
 s - 15 poisoned darts
Armour
 f - the scarf of Vermicelli (worn) {repulsion, rC+}
   (You acquired it on level 3 of the Dungeon)

   rC+:       It protects you from cold.
 l - a +3 leather armour (worn)
 y - a +0 pair of boots (worn)
Jewellery
 b - an amulet of magic regeneration
 r - a ring of flight (left hand)
 u - a +6 ring of dexterity (right hand)
 w - the amulet of Elemental Vulnerability {rPois rF-- rC-- AC+8}
   (You found it on level 3 of the Dungeon)

   [amulet of nothing]

   AC+8:      It affects your AC (+8).
   rF--:      It makes you very vulnerable to fire.
   rC--:      It makes you very vulnerable to cold.
   rPois:     It protects you from poison.
Wands
 c - a wand of flame (1) (quivered)
 d - a wand of charming (24)
 e - a wand of iceblast (5)
 x - a wand of polymorph (4)
Scrolls
 j - a scroll of silence
 k - a scroll of blinking
 m - a scroll of fear
 n - a scroll of teleportation
 A - a scroll of enchant armour {unknown}
Potions
 g - 2 potions of haste
 i - 2 potions of attraction
 o - 4 potions of cancellation
 p - a potion of heal wounds {unknown}
 t - a potion of lignification {unknown}
 v - a potion of resistance {unknown}
 z - a potion of mutation {unknown}


   Skills:
 - Level 1.1 Fighting
 - Level 0.7 Armour
 - Level 2.4 Dodging
 + Level 8.6 Stealth
 - Level 3.6 Evocations


You had 5 spell levels left.
You didn't know any spells.
Your spell library contained the following spells:

 Spells                   Type           Power      Damage    Failure   Level
 Slow                     Hex            0%         N/A       41%         1
 Confusing Touch          Hex            0%         N/A       80%         3
 Vampiric Draining        Necr           0%         2d6       80%         3


Dungeon Overview and Level Annotations

Branches:
Dungeon (4/15)             Temple (1/1) D:4

Altars:
Cheibriados
Elyvilon
Fedhas
Kikubaaqudgha
Nemelex Xobeh
Okawaru
Qazlal
Ru
Sif Muna
Trog
Vehumet
Wu Jian
Xom
Yredelemnul
The Shining One

Shops:
D:1 (

Annotations:
D:4 Duvessa


Innate Abilities, Weirdness & Mutations

You are small and have problems with some larger weapons.
You are completely attuned to the shadows.


Message History

Found a mace.
Found a stone staircase leading up.
A - a scroll labelled PASOHI WUHIS
Found a scale mail.
You see here a +0 scale mail.
Dowan, Brother of Duvessa comes into view.
He is wielding a +0 dagger.
Duvessa, Sister of Dowan comes into view.
She is wielding a +0 short sword.
You lunge at Dowan.
The helpless Dowan fails to defend himself.
You skewer Dowan like a kebab!!!
You kill Dowan!
The Council accepts your kill.
Duvessa weeps, and shakes her weapon.
Duvessa goes berserk!
Duvessa rages.
Duvessa barely misses you.
Your Stealth skill increases to level 8!
Aiming: Polymorph
Press: ? - help, Shift-Dir - straight line, f - Duvessa
Aim: Duvessa, wielding a +0 short sword and wearing a +0 ring mail (berserk, will become a steam dragon, a boggart, or a centaur, chance to affect: 40%) Duvessa resists with some effort.
Duvessa hits you with a +0 short sword!
Aiming: Polymorph
Press: ? - help, Shift-Dir - straight line, f/p - Duvessa
Aim: Duvessa, wielding a +0 short sword and wearing a +0 ring mail (berserk, will become a steam dragon, a boggart, or a centaur, chance to affect: 40%) Duvessa resists with some effort.
Duvessa barely misses you. x2
Aiming: Polymorph
Press: ? - help, Shift-Dir - straight line, f/p - Duvessa
Aim: Duvessa, wielding a +0 short sword and wearing a +0 ring mail (berserk, will become a steam dragon, a boggart, or a centaur, chance to affect: 40%) Duvessa evaporates and reforms as a steam dragon!
Duvessa bites you but does no damage. Duvessa closely misses you.
You barely miss Duvessa. Duvessa bites you! Duvessa misses you.
You hit Duvessa but do no damage.
Duvessa is poisoned.
Duvessa misses you. Duvessa completely misses you.
You hit Duvessa but do no damage. Duvessa breathes steam at you.
The ball of steam hits you!!
Ouch! That really hurt!
* * * LOW HITPOINT WARNING * * *
Duvessa bites you.
You die...

#########
####.......#
.....#####.#
####.#
#.##########
####ยง##
#....[.....#
#..D@.#
##########.#
#.##.## #.#
# #.# ###.#
... #....
#.. #.#.#
#.... #....
##....
#.....


You could see Duvessa the steam dragon (very poisoned, catching breath).

Vanquished Creatures
  A scorpion (D:3)
  Dowan (D:4)
  A hound (D:4)
  Ijyb (D:3)
  2 adders
  A dart slug (D:3)
  3 ribbon worms (D:2)
  6 ball pythons
  7 endoplasms
  A giant cockroach (D:1)
  2 hobgoblins (D:2)
  4 kobolds
  3 quokkas
  10 bats
  4 frilled lizards
  6 goblins
  3 rats
56 creatures vanquished.

Notes
Turn   | Place    | Note
-------+----------+-------------------------------------------
     0 | D:1      | yleetSyT the Kobold Artificer began the quest for the Orb.
     0 | D:1      | Reached XP level 1. HP: 12/12 MP: 1/1
    59 | D:1      | Reached skill level 2 in Stealth
   137 | D:1      | Found Oddaug's Weapon Shop.
   167 | D:1      | Reached XP level 2. HP: 16/16 MP: 2/2
   192 | D:1      | Reached skill level 3 in Stealth
   815 | D:2      | Reached XP level 3. HP: 20/20 MP: 3/3
   842 | D:2      | Reached skill level 4 in Stealth
  1421 | D:2      | Reached skill level 5 in Stealth
  1587 | D:2      | Reached XP level 4. HP: 25/25 MP: 4/4
  1736 | D:3      | Identified a scroll of acquirement
  1736 | D:3      | Acquired the scarf of Vermicelli {repulsion, rC+}
  1789 | D:3      | Noticed Ijyb
  1806 | D:3      | Killed Ijyb
  2009 | D:3      | You are sucked into a shaft and drop 1 floor!
  2102 | D:3      | Noticed a scorpion
  2114 | D:3      | Killed a scorpion
  2115 | D:3      | Reached skill level 7 in Stealth
  2115 | D:3      | Reached XP level 5. HP: 29/29 MP: 5/5
  2511 | D:3      | Found the amulet of Elemental Vulnerability {rPois rF--
                  | rC-- AC+8}
  2698 | D:1      | Bought a +2 dagger of venom for 187 gold pieces
  2775 | D:4      | Found a staircase to the Ecumenical Temple.
  2781 | Temple   | Entered the Ecumenical Temple
  2788 | Temple   | Became a worshipper of the Wu Jian Council
  2982 | D:4      | Reached XP level 6. HP: 34/34 MP: 6/6
  3030 | D:4      | Noticed Dowan
  3033 | D:4      | Noticed Duvessa
  3033 | D:4      | Killed Dowan
  3034 | D:4      | Reached skill level 8 in Stealth
  3036 | D:4      | Duvessa changed into Duvessa the steam dragon
  3036 | D:4      | Noticed Duvessa
  3040 | D:4      | Slain by Duvessa the steam dragon

Illustrated notes

Levels and vault maps discovered:
D:1:      dpeg_arrival_line_fractal, layout_loops_ring, serial_shops, shop
D:2:      layout_rooms
D:3:      layout_basic, uniq_ijyb
D:4:      nicolae_cairo_tiling_large_dashed, layout_loops_cross,
          minmay_temple_entry_wispy, uniq_duvessa
Temple:   hellmonk_temple_of_storms

Skill      XL: |  1  2  3  4  5  6 |
---------------+-------------------+-----
Stealth        | 2 3 5 7 8 |  8.6
Fighting       | |  1.1
Armour         | |  0.7
Dodging        | |  2.4
Evocations     | |  3.6

Action                     |  1- 3 |  4- 6 || total
---------------------------+-------+-------++-------
  Melee: Club              |    34 |       ||    34
         Dagger            |   166 |    34 ||   200
Ability: Lunge             |       |     2 ||     2
  Evoke: Wand              |     8 |     9 ||    17
    Use: Scroll            |       |    11 ||    11
   Stab: Sleeping          |    18 |    14 ||    32
         Distracted        |     1 |       ||     1
 Armour: Leather armour    |    92 |    18 ||   110
  Dodge: Dodged            |   159 |    26 ||   185

Table legend: (Time is in decaauts)
 A = Elapsed time spent in this place.
 B = Non-inter-level travel time spent in this place.
 C = Inter-level travel time spent in this place.
 D = Time resting spent in this place.
 E = Time spent auto-exploring this place.
 F = Levels seen in this place.
 G = Mean time per level.
                   A        B        C        D        E       F      G
               +--------+--------+--------+--------+--------+-----+--------+
         Total |   3051 |   2798 |    253 |    336 |   1776 |   5 |  610.2 |
       Dungeon |   3036 |   2789 |    247 |    336 |   1776 |   4 |  759.0 |
        Temple |     14 |      8 |      6 |      0 |      0 |   1 |   14.0 |
               +--------+--------+--------+--------+--------+-----+--------+

Top non-repeatable levels by time:
     D:3: 927 daAuts
     D:2: 899 daAuts
     D:1: 846 daAuts
     D:4: 362 daAuts
  Temple: 14 daAuts
